 Dungeon Crawl Stone Soup version 0.21.1-72-gffa868e0fe (webtiles) character file.

371 Raybro228 the Cleaver (level 6, -5/78 HPs)
             Began as a Minotaur Fighter on Aug 4, 2018.
             Slain by an apocalypse crab (8 damage)
             ... on level 1 of the Abyss.
             The game lasted 00:11:22 (2437 turns).

Raybro228 the Cleaver (Minotaur Fighter)            Turns: 2437, Time: 00:11:22

Health: -5/78      AC:  6    Str: 27    XL:     6   Next: 42%
Magic:  11/14      EV:  7    Int:  5    God:
Gold:   148        SH: 10    Dex: 10    Spells: 5/5 levels left

rFire    + . .     SeeInvis .   a - +0 war axe
rCold    + . .     Gourm    .   c - +0 shield
rNeg     . . .     Faith    .   b - +0 scale mail
rPois    .         Spirit   .   (helmet restricted)
rElec    .         Reflect  .   t - scarf {rC+ rF+}
rCorr    .         Harm     .   (no gloves)
MR       .....                  (no boots)
Stlth    ..........             (no amulet)
HPRegen  0.23/turn              o - ring of magical power
MPRegen  0.14/turn              (no ring)

@: berserking, hasted, drained, very quick
A: retaliatory headbutt, horns 2
a: no special abilities


You were on level 1 of the Abyss.
You were not hungry.

You visited 1 branch of the dungeon, and saw 3 of its levels.
You visited the Abyss 1 time.

You collected 148 gold pieces.

Inventory:

Hand Weapons
 a - a +0 war axe (weapon)
Armour
 b - a +0 scale mail (worn)
 c - a +0 shield (worn)
 t - a scarf of resistance (worn)
Jewellery
 o - a ring of magical power (left hand)
Wands
 s - a wand of random effects (17)
Scrolls
 d - a scroll of immolation
 e - a scroll of remove curse {unknown}
 j - a scroll of teleportation {unknown}
 m - a scroll of fog {unknown}
 n - a scroll of blinking {unknown}
 q - a scroll of magic mapping {unknown}
 r - a scroll of enchant armour {unknown}
Potions
 g - 2 potions of curing {unknown}
 h - 2 potions of haste {unknown}
 i - 2 potions of flight {unknown}
 k - 2 potions of berserk rage {unknown}
 l - 2 potions of heal wounds {unknown}
 p - a potion of resistance {unknown}
Comestibles
 f - 3 rations


   Skills:
 - Level 3.8(3.6) Fighting
 + Level 8.1(7.8) Axes
 - Level 3.8(3.5) Armour
 - Level 3.8(3.5) Shields


You had 5 spell levels left.
You didn't know any spells.

Dungeon Overview and Level Annotations

Branches:
Dungeon (3/15)

Altars:
Fedhas
Xom


Innate Abilities, Weirdness & Mutations

You reflexively headbutt those who attack you in melee.
You have a pair of horns on your head.


Message History

The apocalypse crab barely misses you. The apocalypse crab bites you.
* * * LOW HITPOINT WARNING * * *
You are engulfed in flames.
You resist.
* * * LOW HITPOINT WARNING * * *
The apocalypse crab claws you but does no damage.
The apocalypse crab bites you.
* * * LOW HITPOINT WARNING * * *
The apocalypse crab shocks you!
* * * LOW HITPOINT WARNING * * *
The apocalypse crab claws you but does no damage.
You turn to flesh and can move again.
Unknown command.
Unknown command.
You are too berserk!
You are too berserk!
You slash the apocalypse crab!
The apocalypse crab is moderately wounded.
The apocalypse crab bites you!
You die...

...#.#.. .# .##...
# #. # R## #..#..##
#.#( .#.§###. ##
..#># ..#.#.##..
§.. ##.... .. ...#
.#.### . §.# #. .##
#.# ..... .# ..# #.
.##...#§. . . ..#
#. .
#.#.#.#####...#.#.#
# . ##.#.....t@..#
##. #
#.$###.###.#.#. #
#... .# §##.##.# .
..#.#.# #.### #.
....... .. # ... .
.# ..#... ... .#
#.. #....#... . .
#.. #.. ..# . .
#.#..#.#


You could see an apocalypse crab.

Vanquished Creatures
  2 crimson imps (D:3)
  An orc priest (D:3)
  Natasha (thrice) (D:2)
  A worker ant (D:2)
  3 gnolls (D:2)
  3 adders
  3 oozes
  3 worms
  2 dart slugs
  A leopard gecko (D:3)
  6 orcs (D:3)
  9 bats
  5 giant cockroaches
  7 goblins
  11 hobgoblins
  3 jackals (D:2)
  A quokka (D:3)
  A ball python (D:3)
  5 frilled lizards
  12 kobolds
  12 rats
94 creatures vanquished.

Notes
Turn   | Place    | Note
-------+----------+-------------------------------------------
     0 | D:1      | Raybro228 the Minotaur Fighter began the quest for the Orb.
     0 | D:1      | Reached XP level 1. HP: 19/19 MP: 0/0
   177 | D:1      | Reached XP level 2. HP: 27/27 MP: 1/1
   267 | D:1      | Reached skill level 3 in Axes
   337 | D:1      | Reached XP level 3. HP: 28/33 MP: 2/2
   393 | D:1      | Reached skill level 4 in Axes
   767 | D:2      | Found a blossoming altar of Fedhas.
   806 | D:2      | Reached XP level 4. HP: 30/40 MP: 3/3
   866 | D:2      | Reached skill level 5 in Axes
   869 | D:2      | Noticed Natasha
   882 | D:2      | Killed Natasha
   891 | D:2      | Found a faded altar of an unknown god.
   931 | D:2      | Noticed Natasha
   934 | D:2      | Killed Natasha
   955 | D:2      | Noticed Natasha
   962 | D:2      | Killed Natasha
   962 | D:2      | Reached skill level 6 in Axes
   962 | D:2      | Reached XP level 5. HP: 19/46 MP: 4/4
  1727 | D:3      | Reached skill level 7 in Axes
  1955 | D:3      | Found a shimmering altar of Xom.
  1986 | D:3      | Reached XP level 6. HP: 47/52 MP: 5/5
  2031 | D:3      | Reached skill level 8 in Axes
  2367 | D:3      | Cast into level 1 of the Abyss (crimson imp)
  2413 | Abyss:1  | Noticed an apocalypse crab
  2424 | Abyss:1  | Noticed an efreet
  2436 | Abyss:1  | HP: 3/78 [apocalypse crab (4)]
  2437 | Abyss:1  | Slain by an apocalypse crab

Skill      XL: |  1  2  3  4  5  6 |
---------------+-------------------+-----
Axes           | 3 4 6 7 8 |  8.1
Fighting       | |  3.8
Armour         | |  3.8
Shields        | |  3.8

Action                   |  1- 3 |  4- 6 || total
-------------------------+-------+-------++-------
Melee: War axe           |    92 |   174 ||   266
       Headbutt          |    16 |    22 ||    38
  Use: Potion            |       |     1 ||     1
       Scroll            |       |     1 ||     1
  Eat: Chunk             |       |     5 ||     5
Armor: Scale mail        |    34 |    61 ||    95
Dodge: Dodged            |    26 |    40 ||    66
Block: Shield            |    45 |    72 ||   117
